 Dungeon Crawl Stone Soup version 0.17-a0-1510-gb3fb22e (webtiles) character file.

359 Goblin1989 the Skirmisher (level 6, -9/58 HPs)
             Began as a Minotaur Hunter on July 12, 2015.
             Mangled by an ogre
             ... wielding a +0 giant spiked club
              (23 damage)
             ... on level 4 of the Dungeon on July 13, 2015.
             The game lasted 00:10:10 (4201 turns).

Goblin1989 the Skirmisher (Minotaur Hunter)         Turns: 4201, Time: 00:10:11

Health: -9/58      AC:  5    Str: 17    XL:     6   Next: 37%
Magic:  5/5        EV: 12    Int:  8    God:
Gold:   155        SH:  0    Dex: 15    Spells: 0 memorised, 5 levels left

rFire  . . .     SeeInvis .     v - +0 trident
rCold  . . .     Clarity  +     d - +0 leather armour
rNeg   . . .     SustAt   .     (no shield)
rPois  .         Gourm    .     (helmet restricted)
rElec  .         Spirit   .     (no cloak)
rCorr  .         Warding  .     z - +1 pair of gloves {Dex+3}
rMut   .         Stasis   .     (no boots)
MR     .....                    o - amulet of clarity
Stlth  +.........               (no ring)
                                (no ring)

@: not resistant to hostile enchantments, very unstealthy
A: retaliatory headbutt, horns 2
a: no special abilities


You were on level 4 of the Dungeon.
You were not hungry.

You visited 1 branch of the dungeon, and saw 4 of its levels.

You collected 155 gold pieces.

Inventory:

Hand weapons
 a - a +1 shortbow
 v - a +0 trident (weapon)
 B - the +2 flail of the Sea {crush, rC++ MR++ Str+4}
   (You found it on level 4 of the Dungeon)

   It inflicts extra damage upon your enemies.
   It affects your strength (+4).
   It greatly protects you from cold.
   It affects your resistance to hostile enchantments.
Missiles
 b - 95 arrows
 y - 3 silver javelins (quivered)
Armour
 d - a +0 leather armour (worn)
 z - a +1 pair of gloves of dexterity (worn)
Jewellery
 f - an uncursed ring of see invisible {unknown}
 n - an uncursed ring of protection from fire {unknown}
 o - an amulet of clarity (around neck)
Magical devices
 r - a wand of confusion (20)
Scrolls
 e - 3 scrolls of identify {unknown}
 h - a scroll of noise {unknown}
 i - 2 scrolls of recharging {unknown}
 k - a scroll of remove curse {unknown}
 s - a scroll of enchant armour {unknown}
 x - a scroll of immolation {unknown}
 A - a scroll of teleportation {unknown}
Potions
 c - a potion of cure mutation {unknown}
 l - 2 potions of flight {unknown}
 m - a potion of might {unknown}
 p - a potion of heal wounds {unknown}
 q - 2 potions of degeneration {unknown}
 t - a potion of brilliance {unknown}
 u - a potion of haste {unknown}
 w - a potion of poison {unknown}
Comestibles
 g - 3 meat rations
 j - a beef jerky
 C - 7 chunks of flesh


   Skills:
 - Level 6.5 Fighting
 + Level 4.7 Polearms
 - Level 4.3 Bows
 - Level 2.1 Dodging
 - Level 0.7 Stealth


You had 5 spell levels left.
You didn't know any spells.

Dungeon Overview and Level Annotations

Branches:
Dungeon (4/15)
 Temple: D:4-7

Altars:
Dithmenos
Fedhas


Innate Abilities, Weirdness & Mutations

You reflexively headbutt those who attack you in melee.
You have a pair of horns on your head.


Message History

You are too injured to fight recklessly!
You are too injured to fight recklessly!
You are too injured to fight recklessly!
You are too injured to fight recklessly!
You are too injured to fight recklessly!
You are too injured to fight recklessly!
You are too injured to fight recklessly!
You are too injured to fight recklessly!
The orc hits you with a club.
* * * LOW HITPOINT WARNING * * *
The orc barely misses you. The phantom closely misses you.
The phantom blinks!
The phantom hits you but does no damage.
Found 16 gold pieces.
You see here a club.
Items here: )) [[ † a whip; a leather armour; a flail; a leather armour; an orc corpse
There is a stone staircase leading down here.
The ogre hits you with a giant spiked club!!
You die...

#.. ..................# #.#
#...###### #.# #.#
#.####...##...###.# #.###### ##
#.#............##)####...$.....
#..............##.##...## .##
#.#.).......##.##)##.#..###...#.
#.####...#####.##.#.............
..# #...#####...>O.####.####..
..####..........@O#.##.....##
#............######)#o......#
#.##########.# #o#W......# #.##
#.# #.W..._.....# ...# #.#
#..#.......#.# #..# #.#
#..#.......#.# ...# #.#
#..##.....## # .#.#########..
#..####.#### .............. ...$
.....


You could see 2 ogres.

Vanquished Creatures
  A centaur (D:4)
  An iguana (D:4)
  A centaur skeleton (D:4)
  An orc wizard (D:4)
  An orc priest (D:4)
  2 worker ants
  3 adders (D:3)
  An ooze (D:3)
  2 worms
  3 giant geckos
  5 orcs (D:4)
  3 giant cockroaches (D:1)
  8 goblins
  4 hobgoblins
  2 jackals (D:2)
  15 kobolds
  A quokka (D:3)
  A ball python (D:1)
  8 bats
  3 giant newts
  9 rats
75 creatures vanquished.

Notes
Turn   | Place    | Note
--------------------------------------------------------------
     0 | D:1      | Goblin1989 the Minotaur Hunter began the quest for the Orb.
     0 | D:1      | Reached XP level 1. HP: 18/18 MP: 0/0
   340 | D:1      | Reached XP level 2. HP: 26/26 MP: 1/1
  1239 | D:2      | Reached XP level 3. HP: 25/33 MP: 2/2
  2017 | D:3      | Reached skill level 5 in Fighting
  2465 | D:3      | Reached XP level 4. HP: 42/42 MP: 3/3
  2856 | D:3      | Found a shadowy altar of Dithmenos.
  3059 | D:3      | Reached skill level 6 in Fighting
  3487 | D:4      | Reached XP level 5. HP: 23/51 MP: 4/4
  3753 | D:4      | Noticed a centaur
  3760 | D:4      | Killed a centaur
  3888 | D:4      | Reached XP level 6. HP: 42/58 MP: 5/5
  3978 | D:4      | Got an ancient flail
  3979 | D:4      | Identified the +2 flail of the Sea {crush, rC++ MR++ Str+4} (You found it on level 4 of the Dungeon)
  4150 | D:4      | Noticed a phantom
  4183 | D:4      | Noticed an ogre
  4184 | D:4      | Found a blossoming altar of Fedhas.
  4184 | D:4      | Noticed an ogre
  4201 | D:4      | Mangled by an ogre

Vault maps used:
D:1:      dpeg_arrival_court
D:3:      lemuel_round_altar
D:4:      old_standard_altar, serial_shops, nicolae_shop_stone

Action                   |  1- 3 |  4- 6 || total
-------------------------+-------+-------++-------
Melee: Whip              |   154 |    59 ||   213
       Short sword       |     3 |       ||     3
       Trident           |       |    49 ||    49
 Stab: Sleeping          |     1 |     2 ||     3
  Eat: Chunk             |     2 |     4 ||     6
       Bread ration      |     1 |       ||     1
